 Dungeon Crawl Stone Soup version 0.30-a0-241-g1121274140 (webtiles) character file.

Game seed: 11625733903131800220

76 gelatine the Gusty (level 4, -3/24 HPs)
             Began as a Tengu Air Elementalist on Oct 10, 2022.
             Blown up by Ijyb (10 damage)
             ... with a mindburst bolt
             ... on level 3 of the Dungeon.
             The game lasted 00:07:09 (2191 turns).

gelatine the Gusty (Tengu Air Elementalist)         Turns: 2191, Time: 00:07:09

Health: -3/24      AC: 13    Str:  9    XL:     4   Next: 32%
Magic:  8/8        EV:  4    Int: 17    God:
Gold:   186        SH:  0    Dex: 14    Spells: 5/8 levels left

rFire   . . .      SeeInvis .    a - +0 rapier
rCold   . . .      Faith    .    (no shield)
rNeg    . . .      Spirit   .    o - +5 chain mail of Sulien {Stlth+}
rPois   .          Reflect  .    (helmet restricted)
rElec   .          Harm     .    (no cloak)
rCorr   .          Rampage  .    (no gloves)
Will    .....                    (boots unavailable)
Stlth   ..........               h - amulet of regeneration
HPRegen 1.04/turn                (no ring)
MPRegen 0.11/turn                (no ring)

@: no status effects
A: beak, talons 3
a: no special abilities


You were on level 3 of the Dungeon.
You visited 1 branch of the dungeon, and saw 3 of its levels.

You collected 214 gold pieces.
You spent 28 gold pieces at shops.

Inventory:

Hand Weapons
 a - a +0 rapier (weapon)
Armour
 g - a +2 chain mail of fire resistance
 i - a +0 robe
 o - the +5 chain mail of Sulien (worn) {Stlth+}
   (You found it on level 3 of the Dungeon)

   Stlth:     It makes you more stealthy.
Magical Staves
 m - a staff of cold
Jewellery
 h - an amulet of regeneration (around neck)
Scrolls
 c - 2 scrolls of vulnerability
 d - a scroll of summoning {unknown}
 f - a scroll of immolation
 j - 2 scrolls of butterflies {unknown}
 l - a scroll of enchant weapon {unknown}
 n - a scroll of teleportation {unknown}
Potions
 b - a potion of magic
 e - a potion of curing
 k - 2 potions of resistance {unknown}


   Skills:
 * Level 0.5 Fighting
 * Level 2.7 Dodging
 * Level 2.3 Stealth
 * Level 2.6 Spellcasting
 * Level 2.3 Conjurations
 * Level 5.0 Air Magic


You had 5 spell levels left.
You knew the following spells:

 Your Spells              Type           Power      Damage    Failure   Level
a - Shock                 Conj/Air       56%        1d6       99%         1
b - Static Discharge      Conj/Air       28%        2-4/arc   100%        2

Your spell library contained the following spells:

 Spells                   Type           Power      Damage    Failure   Level
 Sandblast                Erth           4%         2d4       100%        1
 Passwall                 Tmut/Erth      1%         N/A       100%        2
 Stone Arrow              Conj/Erth      12%        3d7       100%        3
 Swiftness                Air            19%        N/A       100%        3
 Tukima's Dance           Hex            2%         N/A       100%        3
 Airstrike                Air            9%         2d(2-18)  100%        4
 Passage of Golubria      Tloc           2%         N/A       100%        4
 Yara's Violent Unravell  Hex/Tmut       1%         3d3       100%        5


Dungeon Overview and Level Annotations

Branches:
Dungeon (3/15)

Altars:
Ru

Shops:
D:2 *

Annotations:
D:3 Ijyb


Innate Abilities, Weirdness & Mutations

You have a beak for a mouth.
You have claws for feet.


Message History

You hit the orc.
You kill the orc!
j - 2 scrolls labelled VOOGHY LAMYU (gained 1)
Items here: ))) [ †.
You see here a +0 club.
Items here: ))) [ †.
Aiming: Shock (safe; 99% risk of failure)
Press: ? - help, Q - select action Shift-Dir - straight line, f - you
Okay, then.
Okay, then.
Found a stone staircase leading up.
You see here a +0 club.
You pick up Great Wizards, Vol.
VII and begin reading...
You add the spells Tukima's Dance, Passage of Golubria and Yara's Violent Unravelling to your library.
There is a stone staircase leading up here.
Found a stone staircase leading up.
There is a stone staircase leading up here.
Ijyb the Twisted Goblin comes into view.
She is wielding a +5 dagger of venom and carrying a wand of mindburst (15).
Ijyb shouts!
You hear a shout!
You hear an angry hiss.
A goblin comes into view. It is wielding a +0 club.
The goblin shouts!
An adder comes into view.
Ijyb hits you with a +5 dagger of venom.
You are poisoned.
You closely miss Ijyb.
You feel very sick.
The adder hisses angrily.
The goblin hits you but does no damage.
Ijyb zaps a wand.
You barely resist.
Ijyb zaps a wand.
Your mind is blasted!
Ouch! That really hurt!
* * * LOW HITPOINT WARNING * * *
The goblin completely misses you.
You feel better.
A giant cockroach comes into view.
The goblin hits you but does no damage.
Ijyb hits you with a +5 dagger of venom.
The goblin hits you with a +0 club.
* * * LOW HITPOINT WARNING * * *
Ijyb zaps a wand.
Your mind is blasted!
You die...

#..#..# #.#
#.# #.# ...#
#.# # #.# #.#
#.# ...# #..
#...# #.# #.#
#### .#.# #.#
#.# .. #.# #.#
#. #.# #.# #
#. #.# #..
...###.#####.#
.....S.g@.<..#
#.##...######
#......g.#
#.........B
#........###
........##
####.#.## #.#.
#.#.


You could see Ijyb, an adder and a goblin.

Vanquished Creatures
  An adder (D:2)
  An ufetubus (D:2)
  A worm (D:2)
  A dart slug (D:2)
  4 orcs (D:3)
  3 endoplasms (D:1)
  A giant cockroach (D:2)
  4 goblins
  4 hobgoblins
  4 kobolds (D:1)
  7 ball pythons
  6 bats
  4 frilled lizards
  14 rats
55 creatures vanquished.

Notes
Turn   | Place    | Note
-------+----------+-------------------------------------------
     0 | D:1      | gelatine the Tengu Air Elementalist began the quest for the
                  | Orb.
     0 | D:1      | Reached XP level 1. HP: 10/10 MP: 4/4
   163 | D:1      | Reached XP level 2. HP: 12/15 MP: 0/6
   774 | D:1      | Reached XP level 3. HP: 20/20 MP: 1/7
  1151 | D:2      | Found Qangehia's General Store.
  1192 | D:2      | Found a sacrificial altar of Ru.
  1219 | D:2      | Bought a scroll of identify for 28 gold pieces
  1870 | D:2      | Reached XP level 4. HP: 17/24 MP: 3/8
  1873 | D:2      | Learned a level 2 spell: Static Discharge
  2102 | D:3      | Identified the +5 chain mail of Sulien {Stlth+}
  2148 | D:3      | Reached skill level 5 in Air Magic
  2187 | D:3      | Noticed Ijyb
  2189 | D:3      | HP: 1/24 [disintegration (20)]
  2191 | D:3      | Blown up by Ijyb

Illustrated notes

Levels and vault maps discovered:
D:1:      nicolae_arrival_memento_mori, layout_loops_ring,
          minmay_rat_gold_closets
D:2:      layout_basic, basic_altar, serial_shops, shop_coins
D:3:      layout_loops_ring, uniq_natasha, uniq_ijyb, uniq_crazy_yiuf_cottage

Skill      XL: |  1  2  3  4 |
---------------+-------------+-----
Conjurations   | 2 |  2.3
Air Magic      | 5 |  5.0
Fighting       | |  0.5
Dodging        | |  2.7
Stealth        | |  2.3
Spellcasting   | |  2.6

Action                   |  1- 3 |  4- 6 || total
-------------------------+-------+-------++-------
Melee: Unarmed           |     3 |       ||     3
       Kick              |     1 |     2 ||     3
       Rapier            |     1 |    15 ||    16
       Dagger            |     1 |       ||     1
       Peck              |       |     1 ||     1
 Cast: Shock             |    86 |     9 ||    95
  Use: Scroll            |     2 |     1 ||     3
       Potion            |       |     1 ||     1
Armor: Robe              |     4 |       ||     4
       Chain mail        |       |    12 ||    12
Dodge: Dodged            |    17 |     3 ||    20

Table legend: (Time is in decaauts)
 A = Elapsed time spent in this place.
 B = Non-inter-level travel time spent in this place.
 C = Inter-level travel time spent in this place.
 D = Time resting spent in this place.
 E = Time spent auto-exploring this place.
 F = Levels seen in this place.
 G = Mean time per level.
                   A        B        C        D        E       F      G
               +--------+--------+--------+--------+--------+-----+--------+
         Total |   2192 |   2156 |     36 |      0 |   1781 |   3 |  730.7 |
       Dungeon |   2192 |   2156 |     36 |      0 |   1781 |   3 |  730.7 |
               +--------+--------+--------+--------+--------+-----+--------+

Top non-repeatable levels by time:
     D:1: 1145 daAuts
     D:2: 859 daAuts
     D:3: 187 daAuts
